 Dungeon Crawl Stone Soup version 0.28.0 (webtiles) character file.

Game seed: 10440519421916061190

4372 dolemite99 the Basher (level 10, -4/118 HPs)
             Began as a Demonspawn Berserker on Feb 7, 2022.
             Was a Follower of Trog.
             Slain by a hornet (10 damage)
             ... on level 9 of the Dungeon.
             The game lasted 00:11:34 (11007 turns).

dolemite99 the Basher (Demonspawn Berserker)       Turns: 11007, Time: 00:11:35

Health: -4/118     AC: 18    Str: 19    XL:     10   Next: 13%
Magic:  10/10      EV:  6    Int: 15    God:    Trog [*.....]
Gold:   830        SH:  0    Dex: 15    Spells: 9/9 levels left

rFire   . . .      SeeInvis .   a - +2 whip (elec)
rCold   . . .      Faith    +   (no shield)
rNeg    . . .      Spirit   .   L - +0 plate armour
rPois   .          Reflect  .   (helmet unavailable)
rElec   .          Harm     .   (no cloak)
rCorr   .          Rampage  .   (no gloves)
Will    ++...                   g - +1 pair of boots
Stlth   ..........              e - amulet of faith
HPRegen 1.29/turn               j - +6 ring of intelligence
MPRegen 0.12/turn               (no ring)

@: berserking, lethally poisoned (-4 -> -5), strong-willed (expiring),
regenerating (expiring), slowed
A: horns 3, slimy green scales 2, demonic magic 1
a: Renounce Religion, Berserk


You were on level 9 of the Dungeon.
You worshipped Trog.
Trog was aware of your devotion.
You visited 1 branch of the dungeon, and saw 10 of its levels.
You also visited: Ossuary.

You collected 830 gold pieces.

Inventory:

Hand Weapons
 a - a +2 whip of electrocution (weapon)
 k - a +0 broad axe
 n - a +0 vorpal arbalest
 o - a +0 mace
 I - a +2 whip of venom
Missiles
 d - 61 sling bullets
 f - 276 stones
 h - 144 arrows
 G - 8 boomerangs (quivered)
 H - a throwing net
 J - 16 poisoned darts
 K - 3 curare-tipped darts
Armour
 g - a +1 pair of boots (worn)
 F - a +0 chain mail
 L - a +0 plate armour (worn)
Jewellery
 e - an amulet of faith (around neck)
 j - a +6 ring of intelligence (left hand)
Wands
 r - a wand of iceblast (9)
 D - a wand of paralysis (3)
 M - a wand of polymorph (3)
Scrolls
 b - 4 scrolls of identify {@r1}
 l - a scroll of brand weapon
 m - a scroll of teleportation
 y - 2 scrolls of magic mapping {unknown}
Potions
 c - 3 potions of invisibility
 i - a potion of mutation {unknown}
 p - 4 potions of flight
 q - a potion of might
 t - 2 potions of resistance {unknown}
 u - a potion of magic {unknown}
 v - 2 potions of degeneration {unknown}
 w - a potion of cancellation {unknown}
 x - 2 potions of attraction {unknown}
 z - 2 potions of brilliance {unknown}
 A - 5 potions of heal wounds {unknown}
 B - a potion of ambrosia {unknown}
 C - a potion of haste {unknown}
 E - 3 potions of lignification {unknown}


   Skills:
 - Level 7.6 Fighting
 + Level 9.7 Maces & Flails
 - Level 7.8 Armour
 - Level 1.7 Dodging


You had 9 spell levels left.
You didn't know any spells.
Your spell library was empty.

Dungeon Overview and Level Annotations

Branches:
Dungeon (10/15)            Temple (0/1) D:6         Ossuary (visited)
   Lair: D:8-11         Orc: D:9-12

Altars:
Ashenzari
Elyvilon
Gozag
Kikubaaqudgha
Okawaru
Ru
Xom
Yredelemnul

Shops:
D:6 (

Annotations:
D:4 2 transporters


Innate Abilities, Weirdness & Mutations

You have a pair of large horns on your head.
You are mostly covered in slimy green scales. (AC +3)
Spells you cast may paralyse adjacent enemies.


Message History

You feel very sick. The hornet stings you.
You are more poisoned.
You shrug off the repeated paralysis!
You can move again.
You hit the hornet. Your headbutt misses the hornet.
The hornet is heavily wounded.
You feel extremely sick. The hornet stings you.
You are more poisoned.
You feel as though you will be slow longer.
You whack the hornet!
The hornet is severely wounded.
* * * LOW HITPOINT WARNING * * *
You feel extremely sick.
The hornet stings you but does no damage. x2
You feel better. The hornet stings you!
* * * LOW HITPOINT WARNING * * *
You are poisoned.
You feel as though you will be slow longer.
The hornet stings you!
* * * LOW HITPOINT WARNING * * *
You feel as though you will be slow longer.
You feel better. The hornet stings you.
* * * LOW HITPOINT WARNING * * *
You feel as though you will be slow longer.
The hornet stings you.
* * * LOW HITPOINT WARNING * * *
You are poisoned.
You feel as though you will be slow longer.
Okay, then.
Okay, then.
Okay, then.
A red film seems to cover your vision as you go berserk!
You feel yourself moving faster!
You feel mighty!
You can no longer call upon Trog for regeneration and willpower.
You feel the effects of Trog's Hand fading.
You feel very sick. The hornet stings you!
You die...

........#####.. .....
.........##..... .
....# .........#......
..
....#.#..........)#..
...
...............#....
..#....#.........#.[..
#....#..........##.).
##.................)##
#...y@...###.#.......#
#...##...#.####.......
#####.......###.......
#.........##.......
##....#............
##.####.#.#....... ###
###.......##
##........ ##.......


You could see a hornet.

Vanquished Creatures
  Harold (D:7)
  A two-headed ogre (D:9)
  A shadow (D:9)
  2 steam dragons
  2 water moccasins
  An acid dragon (D:9)
  3 orc warriors
  A hornet zombie (D:7)
  3 sky beasts
  An ogre (D:7)
  2 centaurs (D:7)
  A kobold brigand (D:8)
  3 bullfrogs
  A wyvern zombie (D:7)
  2 scorpions
  2 water moccasin skeletons
  5 killer bees
  A howler monkey (D:9)
  2 centaur zombies
  5 hounds
  2 orc priests
  2 jellies
  3 orc wizards
  3 iguanas
  2 hound skeletons (D:4)
  8 mummies (Ossuary)
  A howler monkey zombie (D:9)
  5 adders
  A howler monkey skeleton (D:6)
  A shadow imp (D:5)
  2 white imps (D:6)
  An adder skeleton (D:4)
  3 worms
  5 dart slugs
  12 orcs
  6 ball pythons
  6 endoplasms
  10 goblins
  5 hobgoblins
  5 jackals
  6 kobolds
  6 quokkas
  3 bats
  4 frilled lizards
  A hobgoblin zombie (Ossuary)
  A jackal zombie (D:5)
  4 kobold zombies (Ossuary)
  3 orc zombies (Ossuary)
  5 rats
156 creatures vanquished.

Notes
Turn   | Place    | Note
-------+----------+-------------------------------------------
     0 | D:1      | dolemite99 the Demonspawn Berserker began the quest for the
                  | Orb.
     0 | D:1      | Reached XP level 1. HP: 18/18 MP: 1/1
   217 | D:1      | Reached skill level 3 in Maces & Flails
   379 | D:1      | Gained mutation: You have a pair of small horns on your
                  | head. [demonic ancestry]
   379 | D:1      | Reached XP level 2. HP: 16/24 MP: 2/2
  1164 | D:1      | Found a faded altar of an unknown god.
  1339 | D:2      | Gained mutation: Spells you cast may paralyse adjacent
                  | enemies. [demonic ancestry]
  1339 | D:2      | Reached XP level 3. HP: 29/29 MP: 3/3
  1620 | D:2      | Reached skill level 4 in Maces & Flails
  2370 | D:3      | Found an ancient bone altar of Kikubaaqudgha.
  2644 | D:3      | Gained mutation: You are partially covered in slimy green
                  | scales. (AC +2) [demonic ancestry]
  2644 | D:3      | Reached XP level 4. HP: 35/35 MP: 4/4
  3246 | D:4      | Found a transporter.
  3274 | D:4      | Noticed a scorpion
  3280 | D:4      | Killed a scorpion
  3281 | D:4      | Reached skill level 5 in Maces & Flails
  3281 | D:4      | Reached XP level 5. HP: 36/41 MP: 5/5
  3354 | D:4      | Found a transporter.
  3400 | D:4      | Noticed a steam dragon
  3408 | D:4      | Killed a steam dragon
  3409 | D:4      | Reached skill level 6 in Maces & Flails
  3409 | D:4      | Reached XP level 6. HP: 38/47 MP: 6/6
  3609 | D:4      | Noticed an orc warrior
  3618 | D:4      | Killed an orc warrior
  3630 | D:4      | Reached ** piety under Trog
  3791 | D:4      | Reached skill level 7 in Maces & Flails
  4402 | D:4      | Gained mutation: You have a pair of horns on your head.
                  | [demonic ancestry]
  4402 | D:4      | Reached XP level 7. HP: 52/52 MP: 7/7
  4455 | D:5      | Entered Level 5 of the Dungeon
  4506 | D:5      | Found a sand-covered staircase.
  4516 | Ossuary  | Entered an ossuary
  5151 | D:5      | Reached skill level 8 in Maces & Flails
  5320 | D:5      | Found an iron altar of Okawaru.
  6438 | D:6      | Found Ihof's Weapon Emporium.
  6451 | D:6      | Reached skill level 9 in Maces & Flails
  6451 | D:6      | Reached XP level 8. HP: 52/58 MP: 8/8
  6534 | D:6      | Found a broken altar of Ashenzari.
  6538 | D:6      | Saw a vision of the Shoals and the Spider Nest.
  6538 | D:6      | Noticed a merfolk
  6538 | D:6      | Noticed a wolf spider
  6538 | D:6      | Noticed a sea snake
  6538 | D:6      | Noticed a wind drake
  6538 | D:6      | Noticed a merfolk siren
  6538 | D:6      | Noticed a merfolk
  6538 | D:6      | Noticed a wind drake
  6538 | D:6      | Noticed a merfolk
  6539 | D:6      | Noticed a merfolk
  6620 | D:6      | Found a staircase to the Ecumenical Temple.
  8029 | D:7      | Reached skill level 5 in Armour
  8566 | D:7      | Gained mutation: You are mostly covered in slimy green
                  | scales. (AC +3) [demonic ancestry]
  8566 | D:7      | Reached XP level 9. HP: 36/63 MP: 9/9
  8917 | D:7      | Noticed Harold
  8933 | D:7      | Killed Harold
  9568 | D:8      | Found a basalt altar of Yredelemnul.
  9916 | D:8      | Found an opulent altar of Gozag.
 10004 | D:8      | Found a shimmering altar of Xom.
 10073 | D:8      | Found a sacrificial altar of Ru.
 10198 | D:8      | Found a flagged portal.
 10394 | D:9      | Reached skill level 5 in Fighting
 10458 | D:9      | Noticed a two-headed ogre
 10470 | D:9      | Killed a two-headed ogre
 10471 | D:9      | Gained mutation: You have a pair of large horns on your
                  | head. [demonic ancestry]
 10471 | D:9      | Reached XP level 10. HP: 77/77 MP: 10/10
 10731 | D:10     | Entered Level 10 of the Dungeon
 10999 | D:9      | Paralysed by a hornet for 3 turns
 11007 | D:9      | Slain by a hornet

Illustrated notes

Levels and vault maps discovered:
D:1:      minmay_arrival_diagonal_passages, layout_basic,
          chequers_ecumenical_altar_simple, serial_curves, eino_curves_03,
          eino_curves_01, grunt_decor_arrowhead, minmay_pentomino_w2
D:2:      layout_loops_ring, serial_bayou_pond_d
D:3:      layout_basic, kiku_gazebo_garden_becter
D:4:      gammafunk_steamed_eel, layout_loops_ring, mainiacjoe_overflow_24_doors
D:5:      layout_loops_corners, nicolae_overflow_crystal_walls, enter_ossuary_3
D:6:      layout_rooms, grunt_ashenzari_visionary
          [grunt_ashenzari_visionary_shoals, grunt_ashenzari_visionary_spider],
          temple_pool_b, serial_shops, nicolae_shop_trees,
          minmay_increasing_density
D:7:      layout_rooms, nicolae_overflow_squiral, fountainhead, uniq_harold
D:8:      layout_rooms, amcnicky_altar_gilded,
          mainiacjoe_overflow_cross_hatched, mainiacjoe_overflow_alcove_2,
          mainiacjoe_overflow_boulevard, enter_bailey_4,
          hangedman_decor_clover_reticule
D:9:      layout_cave_pools, hellmonk_guarded_unrand_dark_maul
D:10:     layout_cave_pools, marbit_many_paths, fedhas_altar_1,
          nemelex_xobeh_ov_fountains_minmay, mainiacjoe_overflow_chevrons,
          grunt_potential

Skill      XL: |  1  2  3  4  5  6  7  8  9 10 |
---------------+-------------------------------+-----
Maces & Flails | 3 4 5 6 7 9 |  9.7
Armour         | 5 7 |  7.8
Fighting       | 6 7 |  7.6
Dodging        | |  1.7

Action                   |  1- 3 |  4- 6 |  7- 9 | 10-12 || total
-------------------------+-------+-------+-------+-------++-------
Melee: Mace              |    85 |       |       |       ||    85
       Punch             |     2 |       |     8 |     3 ||    13
       Headbutt          |     6 |     9 |    58 |     9 ||    82
       Whip              |     1 |    73 |   320 |    34 ||   428
Throw: Stone             |    29 |       |    57 |       ||    86
       Javelin           |       |    22 |    23 |       ||    45
       Boomerang         |       |       |       |     4 ||     4
Invok: Berserk           |    11 |     2 |     3 |     1 ||    17
       Trog's Hand       |       |       |    19 |     3 ||    22
  Use: Scroll            |       |       |    10 |     1 ||    11
       Potion            |       |       |     3 |     6 ||     9
 Stab: Invisible         |       |       |     1 |     1 ||     2
Armor: Animal skin       |     3 |       |       |       ||     3
       Leather armour    |    14 |       |       |       ||    14
       Ring mail         |     9 |    22 |    24 |       ||    55
       Chain mail        |       |       |   146 |    14 ||   160
       Plate armour      |       |       |       |     4 ||     4
Dodge: Dodged            |    59 |    23 |   156 |    13 ||   251
